 Dungeon Crawl Stone Soup version 0.23-a0-760-g92239d2 (webtiles) character file.

22 JaketheDog the Slasher (level 2, 0/18 HPs)
             Began as an Angel Understudy on May 15, 2019.
             Was a Follower of the Shining One.
             Succumbed to an adder's poison
             ... on level 1 of the Dungeon.
             The game lasted 00:04:37 (914 turns).

JaketheDog the Slasher (Angel Understudy)            Turns: 914, Time: 00:04:38

Health: 0/18       AC:  2    Str: 12    XL:     2   Next: 91%
Magic:  2/2        EV: 12    Int: 12    God:    the Shining One [*.....]
Gold:   15         SH:  0    Dex: 18    Spells: 1/1 levels left

rFire    . . .     SeeInvis +   a - +0 long sword
rCold    . . .     Gourm    .   (no shield)
rNeg     . . .     Faith    .   d - +0 robe
rPois    +         Spirit   .   (no helmet)
rElec    .         Reflect  .   (no cloak)
rCorr    .         Harm     .   (no gloves)
MR       .....                  (no boots)
Stlth    +.........             (no amulet)
HPRegen  0.06/turn              (no ring)
MPRegen  0.08/turn              (no ring)

@: lethally poisoned (0 -> -3), glowing, studying 2 skills
A: flight, see invisible, poison resistance
a: Fly, Renounce Religion


You were on level 1 of the Dungeon.
You worshipped the Shining One.
The Shining One was aware of your devotion.
You were not hungry.

You visited 1 branch of the dungeon, and saw 2 of its levels.

You collected 15 gold pieces.

Inventory:

Hand Weapons
 a - a +0 long sword (weapon)
Armour
 d - a +0 robe (worn)
Scrolls
 e - a scroll of identify {unknown}
 g - a scroll of enchant armour {unknown}
 h - a scroll of random uselessness {unknown}
Books
 b - a manual of Ice Magic
 c - a manual of Summonings
Comestibles
 f - a ration


   Skills:
 + Level 1.1 Fighting
 + Level 4.7 Long Blades
 + Level 1.5 Dodging


You had one spell level left.
You didn't know any spells.
Your spell library was empty.

Dungeon Overview and Level Annotations

Branches:
Dungeon (2/15)

Altars:


Innate Abilities, Weirdness & Mutations

You can fly at any time.
You have supernaturally acute eyesight. (SInv)
Your system is resistant to poisons. (rPois)


Message History

The stone completely misses the adder.
The hobgoblin hits you with a +0 club.
You feel sick. The adder completely misses you.
The frilled lizard bites you but does no damage.
The hobgoblin misses you.
You climb upwards.
There is a stone staircase leading down here.
You feel sick. The adder bites you.
* * * LOW HITPOINT WARNING * * *
The frilled lizard closely misses you. The adder misses you.
You riposte.
You miss the adder.
* * * LOW HITPOINT WARNING * * *
You feel sick. The adder barely misses you.
* * * LOW HITPOINT WARNING * * *
You feel sick. The adder bites you.
* * * LOW HITPOINT WARNING * * *
You hit the adder.
The adder is heavily wounded.
You die...

#######.#..###.#####......
#.......#..# #.# #......
##.###..#..###.# #......
#.# #..#......# ###....
#†# #..#...##############
#.# #..#g.....#..........
#.# #..#l#.##.#..........
#.# #..#S#.#.............
#.# #..#@....##..........
#.# #.........#..........
##.###...#.....#..........
#..............##.........
######.........##.........
#.........##......(..
#.........##.........
#....####+##.........
###..................


You could see an adder, a hobgoblin and a frilled lizard.

Vanquished Creatures
  A dart slug (D:1)
  4 bats (D:1)
  2 goblins
  2 hobgoblins (D:1)
  3 jackals (D:1)
  2 kobolds (D:1)
  2 frilled lizards (D:1)
  3 rats (D:1)
19 creatures vanquished.

Notes
Turn   | Place    | Note
-------+----------+-------------------------------------------
     0 | D:1      | JaketheDog the Angel Understudy began the quest for the
                  | Orb.
     0 | D:1      | Reached XP level 1. HP: 13/13 MP: 1/1
   163 | D:1      | Reached XP level 2. HP: 6/18 MP: 2/2
   914 | D:1      | Succumbed to an adder's poison

Vault maps used:
D:1:      wheals_arrival_linesprint
D:2:      grunt_ministairs_2

Action                   || total
-------------------------++-------
Melee: Long sword        ||    33
Armor: Robe              ||    12
Dodge: Dodged            ||    42
       Rpst.: Long sword ||    13

Table legend:
 A = Non-vault XP
 B = Vault XP
 C = Vault XP percentage of total XP
 D = Non-vault monster count
 E = Vault monster count
 F = Vault count percentage of total count
                 A         B        C        D         E       F
            +---------+---------+-------+---------+---------+-------
      Total |      32 |       0 |   0.0 |      19 |       0 |   0.0
            +---------+---------+-------+---------+---------+-------
        D:1 |      31 |       0 |   0.0 |      18 |       0 |   0.0
        D:2 |       1 |       0 |   0.0 |       1 |       0 |   0.0
            +---------+---------+-------+---------+---------+-------
